AoeStats
← waw15

Highland

504577292Analyzed
4v4 RM · 26d ago on Sep 5, 2026· 85m 3s· 8 players
Game mode
Random Map
Map size
Large (8 player)
Population
200
Speed
Normal
Resources
Standard
Victory
Conquest
Starting age
Dark Age
Ending age
Imperial Age
RankedLock teamsTeams togetherTeam positionsShared explorationLock speedFull tech treeHidden civsTurbo modeCheats
Victory
Defeat
🇫🇷 Magyars · France
906
+17
🇩🇪 Hindustanis · Germany
901
+17
🇵🇱 Vietnamese · Poland
897
+17
🇬🇧 Japanese · United Kingdom
878
+18
🇩🇪 Muisca · Germany
940
-19
🇧🇦 Persians · Bosnia & Herzegovina
927
-17
🇦🇷 Aztecs · Argentina
917
-17
🇦🇷 Franks · Argentina
881
-16
waw15
10:45 Feudal Age
15:14 Castle Age
13:51 Loom
14:43 Double-Bit Axe
15:10 Horse Collar
20:30 Squires
21:37 Bow Saw
25:05 Gold Mining
26:47 Forging
26:38 Scale Mail Armor
27:22 Yasama
29:25 Guard Tower
32:19 Imperial Age
31:40 Ballistics
32:30 Chain Mail Armor
33:21 Fletching
36:18 Wheelbarrow
38:29 Pikeman
38:56 Gambesons
39:42 Elite Skirmisher
42:05 Chemistry
41:28 Elite Samurai
42:30 Halberdier
44:49 Keep
45:05 Imperial Skirmisher
45:50 Thumb Ring
57:07 Caravan
60:39 Iron Casting
60:34 Plate Mail Armor
60:00 Bodkin Arrow
62:23 Crossbowman
64:22 Blast Furnace
63:22 Bracer
63:22 Padded Archer Armor
65:29 Arbalester
67:23 Leather Archer Armor
66:59 Arrowslits
67:25 Masonry
76:25 Gold Shaft Mining
77:28 Fortified Wall
76:59 Treadmill Crane
77:52 Ring Archer Armor
77:11 Town Watch
78:33 Two-Man Saw
78:59 Scale Barding Armor
78:16 Onager
78:16 Capped Ram
79:14 Hand Cart
78:59 Town Patrol
79:35 Kataparuto
79:05 Arson
78:41 Man-at-Arms
79:49 Parthian Tactics
teddy47450
11:39 Feudal Age
13:37 Wheelbarrow
12:45 Horse Collar
12:54 Double-Bit Axe
13:36 Town Watch
22:05 Castle Age
23:36 Hand Cart
27:28 Corvinian Army
28:54 Husbandry
35:41 Scale Barding Armor
36:14 Bloodlines
40:24 Bow Saw
40:18 Heavy Plow
41:31 Town Patrol
48:46 Imperial Age
51:09 Elite Magyar Huszar
57:25 Chain Barding Armor
79:06 Crop Rotation
79:46 Plate Barding Armor
PiotrekEs
7:28 Loom
10:21 Feudal Age
11:10 Double-Bit Axe
14:50 Fishing Lines
16:21 Horse Collar
18:44 Castle Age
19:54 Bow Saw
19:49 Gillnets
22:33 Crossbowman
24:22 Town Watch
25:13 Wheelbarrow
25:22 Heavy Plow
27:19 Hand Cart
27:08 Town Patrol
36:28 Imperial Age
33:58 Gold Mining
34:25 Stone Mining
35:04 Thumb Ring
35:03 Squires
34:38 Elite Skirmisher
35:24 Treadmill Crane
36:05 Ballistics
36:34 Arbalester
37:44 Murder Holes
38:50 Chemistry
39:05 Two-Man Saw
38:49 Crop Rotation
38:58 Illumination
38:55 Block Printing
38:59 Siege Engineers
39:25 Paper Money
41:57 Hoardings
40:57 Imperial Skirmisher
41:58 Fletching
42:09 Padded Archer Armor
42:48 Bodkin Arrow
42:57 Scale Mail Armor
43:08 Forging
42:49 Elite Fire Lancer
44:23 Leather Archer Armor
44:10 Bracer
44:27 Chain Mail Armor
45:13 Stone Shaft Mining
60:11 Caravan
61:16 Fortified Wall
63:51 Elite Cannon Galleon
74:40 Medium Warships
74:45 Clinker Construction
74:47 Careening
74:28 Man-at-Arms
74:54 Arson
74:35 Elite Rattan Archer
75:52 Ring Archer Armor
75:57 Iron Casting
75:53 Plate Mail Armor
81:55 Scale Barding Armor
Jimmy Levy (GEO)
0:59 Loom
13:27 Feudal Age
19:12 Castle Age
17:24 Double-Bit Axe
18:16 Horse Collar
21:45 Heavy Plow
21:58 Bow Saw
24:46 Wheelbarrow
25:09 Gold Mining
26:18 Husbandry
26:20 Town Watch
27:52 Bloodlines
28:38 Hand Cart
29:36 Stone Mining
30:40 Gold Shaft Mining
30:37 Pikeman
31:18 Squires
32:54 Stone Shaft Mining
36:44 Scale Barding Armor
39:11 Imperial Age
36:50 Scale Mail Armor
37:00 Forging
37:59 Ballistics
37:50 Fortified Wall
38:02 Chain Barding Armor
37:43 Padded Archer Armor
37:33 Fletching
38:37 Masonry
38:43 Chain Mail Armor
38:31 Town Patrol
39:33 Iron Casting
41:24 Chemistry
40:30 Siege Engineers
41:16 Plate Barding Armor
40:57 Leather Archer Armor
40:57 Arson
41:14 Bodkin Arrow
41:00 Heavy Camel Rider
42:28 Hoardings
41:54 Grand Trunk Road
42:15 Conscription
44:43 Two-Man Saw
46:25 Fishing Lines
47:55 Ring Archer Armor
50:32 Shatagni
50:53 Imperial Camel Rider
51:59 Bracer
55:26 Caravan
61:52 Coinage
63:56 Banking
63:45 Elite Skirmisher
64:30 Imperial Skirmisher
69:12 Blast Furnace
69:13 Murder Holes
69:09 Guard Tower
68:43 Light Cavalry
70:32 Elite Cannon Galleon
72:07 Hussar
74:22 Man-at-Arms
75:08 Siege Elephant
Jan
9:51 Loom
12:17 Feudal Age
12:40 Horse Collar
12:47 Double-Bit Axe
24:40 Castle Age
23:23 Gold Mining
23:25 Stone Mining
25:09 Fletching
25:26 Heavy Plow
25:40 Bow Saw
26:37 Town Watch
28:13 Thumb Ring
28:43 Padded Archer Armor
30:19 Crossbowman
31:42 Wheelbarrow
36:10 Imperial Age
33:38 Bodkin Arrow
35:19 Herbalism
36:36 Hand Cart
37:13 Gold Shaft Mining
36:24 Arbalester
37:07 Bracer
38:07 Ballistics
38:06 Town Patrol
38:46 Squires
38:49 Scale Mail Armor
38:20 Elite Guecha Warrior
39:36 Leather Archer Armor
43:19 Conscription
44:03 Chemistry
44:26 Two-Man Saw
43:59 Crop Rotation
44:30 Chain Mail Armor
44:26 Huaracas
48:10 Plate Mail Armor
47:45 Elite Temple Guard
51:17 Forging
56:03 Iron Casting
61:27 Hoardings
60:51 Murder Holes
61:09 Masonry
61:31 Treadmill Crane
76:53 Siege Engineers
Alkuja
1:54 Loom
10:14 Feudal Age
11:23 Wheelbarrow
15:28 Double-Bit Axe
15:25 Horse Collar
20:11 Castle Age
20:38 Husbandry
20:49 Bloodlines
21:54 Scale Barding Armor
23:38 Forging
23:50 Hand Cart
26:57 Gold Mining
26:58 Stone Mining
32:16 Chain Barding Armor
32:31 Iron Casting
33:45 Padded Archer Armor
33:36 Fletching
37:22 Imperial Age
35:38 Gold Shaft Mining
35:18 Caravan
37:20 Bow Saw
37:13 Heavy Plow
37:01 Cavalier
39:31 Conscription
38:39 Savar
41:55 Plate Barding Armor
42:22 Blast Furnace
45:19 Leather Archer Armor
45:01 Bodkin Arrow
51:22 Crop Rotation
66:54 Citadels
67:12 Scale Mail Armor
67:43 Ring Archer Armor
67:27 Squires
66:48 Pikeman
Camalote
10:57 Feudal Age
9:13 Loom
13:04 Double-Bit Axe
14:05 Scale Mail Armor
16:50 Horse Collar
22:19 Castle Age
21:10 Forging
23:10 Gambesons
22:57 Eagle Warrior
25:08 Chain Mail Armor
28:05 Squires
30:30 Wheelbarrow
38:57 Imperial Age
36:26 Fletching
37:44 Heavy Plow
38:04 Arson
39:48 Elite Eagle Warrior
40:07 Demolition Ship
41:53 Iron Casting
45:59 Capped Ram
48:00 Plate Mail Armor
48:32 Blast Furnace
48:07 Medium Warships
47:38 Siege Ram
50:36 Chemistry
51:04 Pikeman
51:26 Crossbowman
53:23 Arbalester
60:20 Bodkin Arrow
60:26 Padded Archer Armor
68:20 Elite Skirmisher
jm_lage
8:34 Loom
11:35 Feudal Age
12:08 Double-Bit Axe
13:00 Wheelbarrow
17:41 Castle Age
17:03 Forging
18:31 Husbandry
23:26 Light Cavalry
24:42 Gold Mining
30:15 Iron Casting
29:46 Scale Barding Armor
30:49 Ballistics
32:39 Masonry
32:27 Murder Holes
32:26 Elite Skirmisher
33:27 Town Watch
35:10 Hand Cart
36:02 Chain Barding Armor
35:34 Fletching
39:58 Imperial Age
42:32 Blast Furnace
42:09 Plate Barding Armor
41:57 Cavalier
44:04 Chemistry
43:36 Conscription
43:19 Chivalry
44:05 Paladin
45:16 Squires
44:37 Pikeman
46:08 Bodkin Arrow
46:14 Padded Archer Armor
66:39 Elite Throwing Axeman
72:54 Leather Archer Armor
76:33 Caravan
78:20 Halberdier
Connection lost

Rejoining the realm…

Still unreachable

The connection could not be restored.

Session expired

The server has moved on; the page needs a fresh start.